 Dungeon Crawl Stone Soup version 0.30-a0-760-g5a9884bb7c (webtiles) character file.

Game seed: 5362247276575921328

204 jimonade the Poker (level 5, -2/39 HPs)
             Began as a Merfolk Gladiator on Feb 12, 2023.
             Killed by divine providence
             ... invoked by an orc priest
              (13 damage)
             ... on level 3 of the Dungeon.
             The game lasted 00:04:14 (2355 turns).

jimonade the Poker (Merfolk Gladiator)              Turns: 2355, Time: 00:04:15

Health: -2/39      AC: 17    Str: 14    XL:     5   Next: 82%
Magic:  5/5        EV:  7    Int: 16    God:
Gold:   153        SH:  0    Dex: 15    Spells: 4/4 levels left

rFire   . . .      SeeInvis .    a - +0 trident
rCold   + . .      Faith    .    (no shield)
rNeg    . . .      Spirit   .    i - +2 chain mail {rC+}
rPois   .          Reflect  .    o - +2 helmet
rElec   .          Harm     .    (no cloak)
rCorr   .          Rampage  .    (no gloves)
Will    .....                    (no boots) Stlth
                                 (no amulet)
HPRegen 0.26/turn                f - +6 ring of intelligence
MPRegen 0.09/turn                m - +4 ring of protection

@: no status effects
A: (nimble swimmer 2), mertail
a: no special abilities


You were on level 3 of the Dungeon.
You visited 1 branch of the dungeon, and saw 3 of its levels.

You collected 153 gold pieces.

Inventory:

Hand Weapons
 a - a +0 trident (weapon)
 g - a +0 sling
Missiles
 d - 3 throwing nets (quivered)
 e - a javelin
 s - 5 curare-tipped darts
Armour
 b - a +0 leather armour
 c - a +0 helmet
 h - a +0 ring mail
 i - a +2 chain mail of cold resistance (worn)
 o - a +2 helmet (worn)
Jewellery
 f - a +6 ring of intelligence (left hand)
 m - a +4 ring of protection (right hand)
 n - a ring of protection from fire
 r - a +4 ring of slaying
Scrolls
 j - 2 scrolls of teleportation {unknown}
 k - 2 scrolls of identify {unknown}
 l - a scroll of brand weapon {unknown}
 u - a scroll of butterflies {unknown}
 w - a scroll of noise {unknown}
Potions
 p - a potion of magic {unknown}
 q - a potion of haste {unknown}
 t - a potion of invisibility {unknown}
 v - a potion of resistance {unknown}


   Skills:
 + Level 2.6 Fighting
 * Level 7.6 Polearms
 + Level 2.1 Throwing
 + Level 0.5 Armour
 + Level 4.1 Dodging
 + Level 0.9 Stealth


You had 4 spell levels left.
You didn't know any spells.
Your spell library contained the following spells:

 Spells                   Type           Power      Damage    Failure   Level
 Sandblast                Erth           0%         2d4       100%        1
 Blink                    Tloc           0%         N/A       100%        2
 Lesser Beckoning         Tloc           0%         N/A       100%        2
 Momentum Strike          Conj/Tloc      0%         3d8       100%        2
 Passwall                 Tmut/Erth      0%         N/A       100%        2
 Inner Flame              Hex/Fire       0%         N/A       100%        3
 Stone Arrow              Conj/Erth      0%         3d7       100%        3
 Animate Dead             Necr           0%         N/A       100%        4
 Flame Wave               Conj/Fire      0%         2d4       100%        4
 Sticky Flame             Conj/Fire      0%         2d3       100%        4
 Borgnjor's Vile Clutch   Necr/Erth      0%         N/A       100%        5
 Haunt                    Necr/Summ      0%         N/A       100%        7
 Infestation              Necr           0%         N/A       100%        8
 Shatter                  Erth           0%         3d5*      100%        9


Dungeon Overview and Level Annotations

Branches:
Dungeon (3/15)

Altars:

Shops:
D:3 :


Innate Abilities, Weirdness & Mutations

((You are very nimble when in or above water. (Stealth+, EV+, Speed+++)))
Your lower body shifts to a powerful aquatic tail in water.


Message History

The orc priest hits you but does no damage.
You barely miss the orc priest. The orc priest barely misses you.
You barely miss the orc priest.
The orc priest hits you with a +0 hand axe.
You closely miss the orc priest. You barely miss the orc priest.
The orc priest hits you but does no damage.
You hit the orc priest.
The orc priest is moderately wounded.
The orc priest hits you with a +0 hand axe.
You closely miss the orc priest.
The orc priest is moderately wounded.
The orc hits you but does no damage.
The orc priest mumbles some strange prayers to Beogh against you.
Beogh smites you!
You closely miss the orc priest. Your punch misses the orc priest.
The orc priest is moderately wounded.
The orc barely misses you.
The orc priest hits you but does no damage.
You hit the orc priest.
The orc priest is heavily wounded.
The orc hits you with a +0 hand axe. The orc priest barely misses you.
You hit the orc priest.
The orc priest is heavily wounded.
The orc hits you but does no damage. The orc priest barely misses you.
You barely miss the orc priest.
The orc priest is heavily wounded.
The orc hits you but does no damage.
The orc priest calls down the wrath of Beogh upon you.
Beogh smites you!
* * * LOW HITPOINT WARNING * * *
You hit the orc priest but do no damage.
The orc priest is heavily wounded.
The orc hits you but does no damage.
The orc priest hits you but does no damage.
You hit the orc priest.
The orc priest is severely wounded.
The orc priest calls down the wrath of Beogh upon you.
Beogh smites you!
You die...

#............##.#####
##†#.....#.#.##....#
#.#.###.#.#.##.###.#
#.#.# #......).#
#.#.###.#.#.##.#
#.#.....#.#.###..
#...........####.##
#####...#.oo.......
## #.@.........
#..#####.####
.........# #
####.##.... # #..###
.... ##>.## #..# ...#


You could see an orc priest and an orc.

Vanquished Creatures
  Natasha (thrice) (D:2)
  5 adders (D:2)
  3 dart slugs (D:1)
  4 orcs
  3 ball pythons
  6 bats
  4 endoplasms
  2 giant cockroaches
  5 goblins
  4 hobgoblins
  18 jackals
  A quokka (D:2)
  5 frilled lizards
  7 kobolds
  4 rats
74 creatures vanquished.

Notes
Turn   | Place    | Note
-------+----------+-------------------------------------------
     0 | D:1      | jimonade the Merfolk Gladiator began the quest for the Orb.
     0 | D:1      | Reached XP level 1. HP: 16/16 MP: 1/1
    65 | D:1      | Reached XP level 2. HP: 21/22 MP: 2/2
   136 | D:1      | Reached skill level 5 in Polearms
   155 | D:1      | Got the Textbook on the Cwm
   206 | D:1      | Reached XP level 3. HP: 27/27 MP: 3/3
   797 | D:2      | Reached XP level 4. HP: 27/34 MP: 4/4
  1007 | D:2      | Reached skill level 6 in Polearms
  1149 | D:2      | Noticed Natasha
  1157 | D:2      | Killed Natasha
  1213 | D:2      | Noticed Natasha
  1222 | D:2      | Killed Natasha
  1223 | D:2      | Reached XP level 5. HP: 31/39 MP: 5/5
  1258 | D:2      | Noticed Natasha
  1279 | D:2      | Killed Natasha
  1280 | D:2      | Reached skill level 7 in Polearms
  1953 | D:3      | Found Lenump's Book Shop.
  2355 | D:3      | Killed from afar by an orc priest

Illustrated notes

Levels and vault maps discovered:
D:1:      lightli_arrival_noodles, layout_basic, chequers_serial_rivers_room_b
D:2:      layout_basic, minmay_tromino_i4, uniq_natasha
D:3:      layout_loops_ring, serial_shops, nicolae_shop_window_shopping,
          nicolae_shop_advertising_works [nicolae_subvault_shop_adworks],
          chequers_decorated_corner

Skill      XL: |  1  2  3  4  5 |
---------------+----------------+-----
Polearms       | 5 6 7 |  7.6
Fighting       | |  2.6
Throwing       | |  2.1
Armour         | |  0.5
Dodging        | |  4.1
Stealth        | |  0.9

Action                     |  1- 3 |  4- 6 || total
---------------------------+-------+-------++-------
  Melee: Trident           |   141 |   140 ||   281
   Stab: Sleeping          |     1 |       ||     1
 Armour: Leather armour    |    12 |       ||    12
         Chain mail        |    32 |    82 ||   114
         Ring mail         |     3 |       ||     3
  Dodge: Dodged            |    68 |    37 ||   105

Table legend: (Time is in decaauts)
 A = Elapsed time spent in this place.
 B = Non-inter-level travel time spent in this place.
 C = Inter-level travel time spent in this place.
 D = Time resting spent in this place.
 E = Time spent auto-exploring this place.
 F = Levels seen in this place.
 G = Mean time per level.
                   A        B        C        D        E       F      G
               +--------+--------+--------+--------+--------+-----+--------+
         Total |   2366 |   2261 |    105 |    341 |   1321 |   3 |  788.7 |
       Dungeon |   2366 |   2261 |    105 |    341 |   1321 |   3 |  788.7 |
               +--------+--------+--------+--------+--------+-----+--------+

Top non-repeatable levels by time:
     D:2: 1417 daAuts
     D:1: 697 daAuts
     D:3: 252 daAuts
